[Event "Team 45 45 League T59"]
[Site "Internet Chess Club"]
[Date "2013.12.15"]
[Round "4"]
[White "JohLeb"]
[Black "fuzzface"]
[Result "0-1"]
[WhiteElo "1356"]
[BlackElo "1368"]
[Opening "QGD: semi-Slav"]
[ECO "D10"]
[Time "11:00:42"]
[TimeControl "2700+45"]

1. d4 d5 2. c4 c6 3. Nc3 e6 4. Nf3 h6 5. e3 Nf6 6. Bd3 Bb4 7. O-O O-O 8. a3 Bxc3
9. bxc3 Ne4 10. Qc2 f5 11. Ne5 Nd7 12. Nxd7 Bxd7 13. f3 Nf6 14. e4 fxe4 15. fxe4
dxe4 16. Bxe4 Nxe4 17. Qxe4 Rxf1+ 18. Kxf1 Qf6+ 19. Kg1 Rf8 20. Be3 Qf5 21. Qxf5
exf5 22. Rf1 Re8 23. Bd2 Re2 24. Rf2 Rxf2 25. Kxf2 Kf7 26. g3 Be6 27. c5 g5 28.
h4 Kg6 29. hxg5 hxg5 30. Kf3 Bd5+ 31. Kf2 Kh5 32. a4 Kg4 33. a5 a6 34. Be3 f4
35. gxf4 gxf4 36. Bd2 f3 37. Be3 Kf5 38. Bd2 Ke4 39. Bc1 Kd3 40. Be3 Kxc3 41.
Ke1 Kc4 42. Kd1 Kb5 43. Bd2 Bc4 44. Ke1 Be2 45. Kf2 Kc4 46. Be3 Kb5 47. Bd2 Kc4
48. Be3 Kd5 49. Ke1 Ke4 50. Kf2 Kf5 51. Kg3 Ke4 52. Kf2 Kd3 53. Bc1 Kxd4 54.
Be3+ Kd3 55. Bc1 Ke4 56. Be3 Kf5 57. Bd4 Ke4 58. Be3 Bd1 59. Bd2 Be2 60. Be3 Ke5
61. Bd2 Kd5 62. Be3 Kc4 {White resigns} 0-1

[Event "Team 45 45 League T59"]
[Site "Internet Chess Club"]
[Date "2013.12.15"]
[Round "4"]
[White "Tribe97"]
[Black "guyd52"]
[Result "1/2-1/2"]
[WhiteElo "1364"]
[BlackElo "1312"]
[Opening "Pirc: classical (two knights) system"]
[ECO "B07"]
[Time "20:00:42"]
[TimeControl "2700+45"]

1. e4 d6 2. d4 g6 3. Nc3 Bg7 4. Nf3 Nf6 5. Bg5 O-O 6. Qd2 Nbd7 7. Be2 c6 8. Bh6
Qb6 9. Bxg7 Kxg7 10. Rb1 Re8 11. O-O e5 12. dxe5 dxe5 13. h3 Nc5 14. Bd3 Be6 15.
Nxe5 Bxa2 16. Nc4 Bxc4 17. Bxc4 Ncxe4 18. Nxe4 Rxe4 19. b3 Rd8 20. Qc3 Qd4 21.
Qa1 Qxa1 22. Rxa1 a6 23. Rad1 Red4 24. Rxd4 Rxd4 25. c3 Rd2 26. Re1 Rc2 27. Re7
b5 28. Rxf7+ Kh6 29. Rxf6 bxc4 30. bxc4 Rxc3 31. Rxc6 a5 32. Ra6 Rxc4 33. Rxa5
Rc7 {Game drawn by mutual agreement} 1/2-1/2

[Event "Team 45 45 League T59"]
[Site "Internet Chess Club"]
[Date "2013.12.17"]
[Round "4"]
[White "parrot9"]
[Black "pereelcoix"]
[Result "0-1"]
[WhiteElo "1644"]
[BlackElo "1714"]
[Opening "Ruy Lopez: closed (10...c5)"]
[ECO "C96"]
[Time "14:14:20"]
[TimeControl "2700+45"]

1. e4 e5 2. Nf3 Nc6 3. Bb5 a6 4. Ba4 Nf6 5. O-O Be7 6. Re1 b5 7. Bb3 O-O 8. h3
d6 9. c3 Na5 10. Bc2 c5 11. d4 cxd4 12. cxd4 Nc6 13. a3 exd4 14. Nxd4 Nxd4 15.
Qxd4 Bb7 16. Nc3 Qc7 17. Bf4 Qc5 18. Qd2 Rfe8 19. Rac1 d5 20. e5 Nh5 21. Be3 Qc4
22. Qd1 g6 23. Bb3 Qh4 24. Bxd5 Bxd5 25. Nxd5 Bd8 26. Nc7 Bxc7 27. Rxc7 Rxe5 28.
Qf3 Rf8 29. Rd1 Qf6 30. Qb7 Nf4 31. Rdd7 Rxe3 32. fxe3 Ne2+ 33. Kh2 Qf1 34. h4
Qg1+ 35. Kh3 Qf2 36. Kh2 Qxh4# {White checkmated} 0-1

[Event "Team 45 45 League T59"]
[Site "Internet Chess Club"]
[Date "2013.12.13"]
[Round "4"]
[White "drsigmund1"]
[Black "BrerRabbit"]
[Result "0-1"]
[WhiteElo "1611"]
[BlackElo "1558"]
[Opening "Old Indian: Tartakower (Wade) variation"]
[ECO "A41"]
[Time "19:01:24"]
[TimeControl "2700+45"]

1. d4 d6 2. Nf3 Bg4 3. Nbd2 Nd7 4. h3 Bh5 5. e4 Ngf6 6. Bd3 e6 7. Nc4 Be7 8. Bf4
O-O 9. g4 Bg6 10. Qe2 a6 11. Nh4 d5 12. Nd2 dxe4 13. Nxe4 Bxe4 14. Bxe4 Nxe4 15.
Qxe4 Bxh4 16. Rg1 Bg5 17. Bg3 c6 18. Qd3 Be7 19. h4 Nf6 20. g5 Nd5 21. h5 Bxg5
22. Be5 Bf6 23. h6 Bxe5 24. dxe5 g6 25. O-O-O Qc7 26. f4 Nxf4 27. Qe4 Nd5 28.
Rd3 Rad8 29. Rdg3 Ne7 30. Qf4 Nf5 31. Rg5 Rd4 32. Qf2 Qxe5 33. Re1 Qf4+ 34. Qxf4
Rxf4 35. Rg2 Rd8 {White resigns} 0-1

[Event "Team 45 45 League T59"]
[Site "Internet Chess Club"]
[Date "2013.12.14"]
[Round "4"]
[White "otib2006"]
[Black "Leon13"]
[Result "1-0"]
[WhiteElo "1301"]
[BlackElo "1311"]
[Opening "Colle system"]
[ECO "D05"]
[Time "11:00:22"]
[TimeControl "2700+45"]

1. d4 d5 2. Nf3 Nf6 3. e3 e6 4. Bd3 c5 5. c3 Nc6 6. Nbd2 a6 7. O-O Nd7 8. Qe2
Be7 9. e4 dxe4 10. Bxe4 Qc7 11. d5 exd5 12. Bxd5 Nce5 13. Ne4 O-O 14. Bf4 Nxf3+
15. Qxf3 Qd8 16. Nd6 Nf6 17. Bxb7 Bxd6 18. Bxa8 Bg4 19. Qg3 Bxf4 20. Qxf4 Qxa8
21. f3 Be6 22. Qd6 Qa7 23. Kh1 Nd5 24. Rfe1 a5 25. Rad1 Rb8 26. Rxe6 fxe6 27.
Qxe6+ Kf8 28. Qd6+ Kg8 29. Qe6+ Kf8 30. Qxd5 Qe7 31. b3 Qe3 32. Qd6+ {Black
resigns} 1-0

[Event "Team 45 45 League T59"]
[Site "Internet Chess Club"]
[Date "2013.12.13"]
[Round "4"]
[White "HorseRadish"]
[Black "rkaebi"]
[Result "1-0"]
[WhiteElo "1366"]
[BlackElo "1248"]
[Opening "Queen's pawn, Mason variation"]
[ECO "D00"]
[Time "22:01:25"]
[TimeControl "2700+45"]

1. d4 d5 2. Bf4 Nf6 3. e3 e6 4. Nf3 c5 5. c4 cxd4 6. exd4 Bb4+ 7. Nc3 Nc6 8. a3
Be7 9. cxd5 Nxd5 10. Nxd5 Qxd5 11. Rc1 f5 12. Bc4 Qe4+ 13. Be3 O-O 14. O-O f4
15. d5 fxe3 16. dxc6 exf2+ 17. Rxf2 Bc5 18. c7 Bxf2+ 19. Kxf2 Qh4+ 20. Kg1 Qf6
21. Qb3 b6 22. Re1 Re8 23. Bd5 Bd7 24. Bxa8 Rxa8 25. Rd1 Qe7 26. Qd3 Bc6 27.
Qd8+ Kf7 28. c8=Q Rxc8 29. Qxc8 Qc5+ 30. Kh1 Qb5 31. Ne5+ Qxe5 32. Qxc6 Qxb2 33.
Rf1+ Ke7 34. Qc7+ Ke8 35. Qd6 {Black resigns} 1-0

[Event "Team 45 45 League T59"]
[Site "Internet Chess Club"]
[Date "2013.12.12"]
[Round "4"]
[White "akshayk06"]
[Black "Aquaman"]
[Result "1-0"]
[WhiteElo "1478"]
[BlackElo "1366"]
[Opening "QP counter-gambit: Maroczy gambit"]
[ECO "C40"]
[Time "21:00:42"]
[TimeControl "2700+45"]

1. e4 e5 2. Nf3 d5 3. exd5 Bd6 4. h3 Nf6 5. Bb5+ Bd7 6. Bxd7+ Nbxd7 7. c4 O-O 8.
O-O e4 9. Nd4 Bc5 10. Nb3 Bb6 11. d4 exd3 12. Qxd3 a6 13. Bg5 h6 14. Bh4 Ne5 15.
Qc3 Re8 16. Re1 Qe7 17. N1d2 Qd6 18. c5 Nxd5 19. cxd6 Nxc3 20. bxc3 cxd6 21. Nd4
Ba5 22. Ne4 d5 23. Nd6 Re6 24. Nxe6 fxe6 25. Rxe5 Bxc3 26. Rae1 Bxe5 27. Rxe5 g5
28. Bg3 b5 29. Rxe6 Kh7 30. Be5 Rf8 31. Re7+ Kg6 32. Rg7+ Kh5 33. g4+ Kh4 34.
Kg2 {Black resigns} 1-0

[Event "Team 45 45 League T59"]
[Site "Internet Chess Club"]
[Date "2013.12.15"]
[Round "4"]
[White "semperfi"]
[Black "stantheman59"]
[Result "1-0"]
[WhiteElo "1394"]
[BlackElo "1197"]
[Opening "Queen's pawn"]
[ECO "A40"]
[Time "11:00:40"]
[TimeControl "2700+45"]

1. d4 e6 2. e3 d5 3. Bd3 Bd6 4. f4 Nf6 5. Nf3 Qe7 6. O-O c5 7. c3 O-O 8. Ne5
Bxe5 9. fxe5 Nfd7 10. Qh5 g6 11. Qh6 cxd4 12. exd4 Kh8 13. Bg5 Qe8 14. Bf6+ Nxf6
15. exf6 Rg8 16. Rf3 Qf8 17. Rh3 Qxh6 18. Rxh6 Nd7 19. Nd2 Nxf6 20. Rf1 Kg7 21.
Rh3 e5 22. dxe5 Bxh3 23. exf6+ Kf8 24. gxh3 Re8 25. Rf3 Rd8 26. Nb3 a6 27. Nc5
Rd6 28. b4 d4 29. Nxb7 Rd5 30. c4 Re5 31. c5 Ke8 32. Bc4 Rf8 33. c6 Re1+ 34. Rf1
Rxf1+ 35. Kxf1 g5 36. Bxa6 g4 37. Bb5 {Black resigns} 1-0

[Event "Team 45 45 League T59"]
[Site "Internet Chess Club"]
[Date "2013.12.17"]
[Round "4"]
[White "WzeroMN"]
[Black "RobertBuice"]
[Result "1-0"]
[WhiteElo "1153"]
[BlackElo "1039"]
[Opening "Ruy Lopez: Berlin defense, 4.O-O"]
[ECO "C65"]
[Time "18:00:14"]
[TimeControl "2700+45"]

1. e4 e5 2. Nf3 Nc6 3. Bb5 Nf6 4. O-O a6 5. Bxc6 bxc6 6. Re1 d5 7. d3 Bd6 8. Bg5
h6 9. Bh4 O-O 10. Nc3 Rb8 11. b3 d4 12. Ne2 Bg4 13. Ng3 Re8 14. h3 Bxf3 15. Bxf6
Qxf6 16. Qxf3 Qxf3 17. gxf3 Bb4 18. Red1 Bc3 19. Rab1 f6 20. a3 a5 21. Ne2 a4
22. Nxc3 dxc3 23. bxa4 Rb2 24. Rxb2 cxb2 25. Rb1 Ra8 26. Rxb2 Kf7 27. Rb7 Kg6
28. Rxc7 Rxa4 29. Rxc6 Rxa3 30. Kf1 Ra1+ 31. Kg2 Kg5 32. Rc7 g6 33. Rc5 Rc1 34.
d4 Kf4 35. d5 Rd1 36. Rc3 Rd2 37. Rd3 Rxc2 38. d6 Rc8 39. d7 Rd8 40. Rd6 Kg5 41.
Kg3 f5 42. h4+ Kh5 43. f4 exf4+ 44. Kxf4 fxe4 45. Kxe4 Kxh4 46. f4 Kg4 47. Rxg6+
Kh5 48. Rd6 Kg4 49. f5 Kg5 50. f6 Kg6 51. Ke5 Kf7 52. Kd5 h5 53. Kc6 h4 54. Kc7
h3 55. Kxd8 h2 56. Rd1 Kxf6 57. Rh1 Kg5 58. Rxh2 Kg4 59. Ke7 Kg3 60. Rd2 Kf3 61.
d8=Q Ke3 62. Qd3+ Kf4 63. Ke6 Kg4 64. Ke5 Kg5 65. Qf5+ Kh6 66. Rh2+ Kg7 67. Rg2+
Kh6 68. Qg4 Kh7 69. Rh2# {Black checkmated} 1-0

[Event "Team 45 45 League T59"]
[Site "Internet Chess Club"]
[Date "2013.12.15"]
[Round "4"]
[White "SeniorCitizen"]
[Black "tamky70"]
[Result "1-0"]
[WhiteElo "1305"]
[BlackElo "1365"]
[Opening "Alekhine's defense: modern, Larsen variation"]
[ECO "B04"]
[Time "13:31:00"]
[TimeControl "2700+45"]

1. e4 Nf6 2. e5 Nd5 3. d4 d6 4. Nf3 dxe5 5. Nxe5 c6 6. Be2 g6 7. O-O Bg7 8. c3
Nd7 9. Nxd7 Bxd7 10. Nd2 O-O 11. Nf3 Be6 12. Bd2 Nf6 13. Bf4 Bg4 14. Ne5 Bxe2
15. Qxe2 Nd7 16. Rad1 e6 17. Qd2 Nb6 18. b3 Nd5 19. c4 Nxf4 20. Qxf4 Bxe5 21.
dxe5 Qe7 22. Rd6 Qc7 23. Rfd1 Qa5 24. Qd2 Qa3 25. Rd7 Rab8 26. h3 Qc5 27. Qd6
Qa5 28. Qe7 Rbe8 29. Qf6 b5 30. cxb5 cxb5 31. Kh2 Qxa2 32. R1d3 Qa5 33. Rf3 Rd8
34. Rxf7 Rxf7 35. Qxf7+ Kh8 36. Qe7 h5 37. Rf7 {Black resigns} 1-0

[Event "Team 45 45 League T59"]
[Site "Internet Chess Club"]
[Date "2013.12.16"]
[Round "4"]
[White "Tribe97"]
[Black "medsurg"]
[Result "1-0"]
[WhiteElo "1376"]
[BlackElo "1261"]
[Opening "QGD: Alapin variation"]
[ECO "A10"]
[Time "20:01:18"]
[TimeControl "2700+45"]

1. c4 b6 2. Nc3 e6 3. d4 d5 4. e4 Bb4 5. cxd5 Bxc3+ 6. bxc3 exd5 7. e5 Be6 8.
Nf3 c5 9. Bb5+ Nd7 10. Ng5 Qe7 11. O-O a6 12. Qa4 f6 13. Nxe6 Qxe6 14. Re1 f5
15. Bc6 Ra7 16. Rb1 Nf6 17. Rxb6 Ne4 18. Rb8+ Ke7 19. Rxh8 Nxc3 20. Bxd7 Rxd7
21. Qa5 {Black resigns} 1-0

[Event "Team 45 45 League T59"]
[Site "Internet Chess Club"]
[Date "2013.12.16"]
[Round "4"]
[White "rgadoury"]
[Black "kabubi"]
[Result "0-1"]
[WhiteElo "1317"]
[BlackElo "1205"]
[Opening "Nimzovich-Larsen attack: modern variation"]
[ECO "A01"]
[Time "20:00:28"]
[TimeControl "2700+45"]

1. b3 e5 2. Bb2 Nc6 3. e3 d5 4. d3 g6 5. Nf3 Bg7 6. Nbd2 Nge7 7. a3 O-O 8. Rb1
Be6 9. Be2 Qd7 10. Ng5 Nd8 11. Nxe6 Nxe6 12. O-O Qe8 13. Nf3 f6 14. c4 Rd8 15.
cxd5 Nxd5 16. g3 c5 17. Qe1 b6 18. e4 Ne7 19. a4 Nd4 20. Nxd4 cxd4 21. Ba3 Rf7
22. Bd1 Bf8 23. b4 b5 24. a5 a6 25. Bb3 Kg7 26. Bxf7 Qxf7 27. Qe2 Qe6 28. f3 Kf7
29. Qc2 Ke8 30. Kg2 Bh6 31. Bc1 Rc8 32. Qb3 Qxb3 33. Rxb3 Bxc1 34. Rb1 Be3 35.
f4 Rc2+ 36. Kh3 exf4 37. gxf4 f5 38. e5 Nd5 39. Kg3 Rc3 {White resigns} 0-1

[Event "Team 45 45 League T59"]
[Site "Internet Chess Club"]
[Date "2013.12.17"]
[Round "4"]
[White "Rococo"]
[Black "Fulmar"]
[Result "1-0"]
[WhiteElo "1309"]
[BlackElo "1125"]
[Opening "Queen's pawn, Mason variation"]
[ECO "D00"]
[Time "11:00:35"]
[TimeControl "2700+45"]

1. d4 d5 2. Bf4 e6 3. Nf3 Nf6 4. e3 Be7 5. Bd3 O-O 6. c3 b6 7. Qc2 Ba6 8. Nbd2
Bxd3 9. Qxd3 c5 10. Be5 c4 11. Qc2 Nbd7 12. h4 b5 13. Ke2 g6 14. Rag1 a5 15. g4
h5 16. Bxf6 Nxf6 17. gxh5 Nxh5 18. Nf1 Kh7 19. Ng3 Kh6 20. Qd2 f5 21. Ng5 Qd6
22. Nxh5 gxh5 23. e4 Kg6 24. Nxe6+ Kf6 25. Nxf8 Rxf8 26. e5+ Qxe5+ 27. dxe5+
Kxe5 28. Qe3+ Kf6 29. Qb6+ Kf7 30. Qxb5 f4 31. Qxd5+ Ke8 32. Qxh5+ Rf7 33. Rg7
Kd7 34. Rxf7 Kd8 35. Qh7 Ke8 36. Rxe7+ Kd8 37. Ra7 Kc8 38. Qh8# {Black
checkmated} 1-0

[Event "Team 45 45 League T59"]
[Site "Internet Chess Club"]
[Date "2013.12.17"]
[Round "4"]
[White "bardu"]
[Black "Conjurer"]
[Result "1-0"]
[WhiteElo "1211"]
[BlackElo "1292"]
[Opening "Nimzo-Indian: classical, 4...Nc6"]
[ECO "E33"]
[Time "21:01:50"]
[TimeControl "2700+45"]

1. d4 Nf6 2. c4 e6 3. Nc3 Bb4 4. Qc2 Nc6 5. Nf3 O-O 6. Bg5 b6 7. e3 Bb7 8. Bd3
g6 9. O-O Be7 10. Rfe1 Nb4 11. Qe2 Nxd3 12. Qxd3 d5 13. cxd5 Nxd5 14. Bh6 Re8
15. Nxd5 Bxd5 16. e4 Bb7 17. Rac1 Bf6 18. e5 Bh8 19. Ng5 f6 20. exf6 Qxf6 21.
Rxc7 Bd5 22. Nxh7 Qxd4 23. Qxg6+ Bg7 24. Nf6+ Qxf6 25. Rxg7+ Qxg7 26. Qxg7#
{Black checkmated} 1-0

[Event "Team 45 45 League T59"]
[Site "Internet Chess Club"]
[Date "2013.12.14"]
[Round "4"]
[White "guyd52"]
[Black "rhayder"]
[Result "1/2-1/2"]
[WhiteElo "1309"]
[BlackElo "1237"]
[Opening "Réti: King's Indian attack (Barcza system)"]
[ECO "A07"]
[Time "05:18:47"]
[TimeControl "2700+45"]

1. Nf3 d5 2. g3 Nc6 3. Bg2 e5 4. d3 Nf6 5. O-O Bc5 6. a3 e4 7. dxe4 Nxe4 8. e3
O-O 9. Qd3 Ne7 10. Nbd2 Nf6 11. c4 Bf5 12. Qb3 Rb8 13. Qa4 Bd7 14. Qc2 dxc4 15.
Nxc4 Bb5 16. Rd1 Qe8 17. b4 Ba4 18. Qe2 Bxd1 19. Qxd1 Rd8 20. Qc2 Bd6 21. Bb2
Nc6 22. Bxf6 gxf6 23. Bh3 Ne5 24. Ncxe5 Bxe5 25. Re1 Qe7 26. Bf5 h6 27. Qe4 c6
28. Qg4+ Kh8 29. Qh5 Kg7 30. Qg4+ Kh8 31. Qh5 Kg7 {Game drawn by mutual
agreement} 1/2-1/2

[Event "Team 45 45 League T59"]
[Site "Internet Chess Club"]
[Date "2013.12.14"]
[Round "4"]
[White "arconia"]
[Black "Toalla"]
[Result "0-1"]
[WhiteElo "1246"]
[BlackElo "1318"]
[Opening "Caro-Kann defense"]
[ECO "B10"]
[Time "13:00:23"]
[TimeControl "2700+45"]

1. e4 c6 2. Nf3 d5 3. e5 Bf5 4. d4 e6 5. Be2 Nd7 6. O-O Be7 7. c4 Qc7 8. Ng5 Bg6
9. f4 h6 10. Nh3 O-O-O 11. c5 Bf5 12. Nf2 f6 13. a4 fxe5 14. fxe5 g5 15. a5 a6
16. b4 Nf8 17. Nc3 Ng6 18. Qb3 h5 19. b5 Kd7 20. b6 Qb8 21. Bd3 Nh6 22. Bxf5
Nxf5 23. Ne2 Rdf8 24. Nh3 Qd8 25. Qd3 g4 26. Nhf4 Ngh4 27. Ng3 Nxg3 28. hxg3
Rxf4 29. gxh4 Rxf1+ 30. Kxf1 Qf8+ 31. Kg1 Bxh4 32. Bf4 Qxf4 33. Rf1 Qe4 34. Rf7+
Be7 35. Qxe4 dxe4 36. Kf2 Ke8 37. Rg7 Rf8+ 38. Ke3 Rf7 39. Rg6 Kd7 40. Rh6 Bg5+
{White resigns} 0-1

[Event "Team 45 45 League T59"]
[Site "Internet Chess Club"]
[Date "2013.12.14"]
[Round "4"]
[White "xt"]
[Black "zugknightly"]
[Result "0-1"]
[WhiteElo "1661"]
[BlackElo "1905"]
[Opening "Robatsch (modern) defense"]
[ECO "B06"]
[Time "20:04:33"]
[TimeControl "2700+45"]

1. e4 g6 2. d4 Bg7 3. Nf3 d6 4. h3 Nc6 5. Bb5 Bd7 6. Be3 a6 7. Bc4 e6 8. O-O
Nce7 9. Nc3 b5 10. Bb3 Rc8 11. Qd2 h5 12. Nh2 c6 13. f4 d5 14. e5 Nf5 15. Bf2
Bf8 16. Ne2 c5 17. c3 Be7 18. Bc2 Ngh6 19. Ng3 Nxg3 20. Bxg3 Qa5 21. Qf2 b4 22.
Rfc1 Qd8 23. Kh1 h4 24. Bxh4 Bxh4 25. g3 Be7 26. dxc5 Bxc5 27. Qf1 bxc3 28. bxc3
Bb5 29. Bd3 Nf5 30. Bxb5+ axb5 31. Qxb5+ Qd7 32. Qd3 Rxh3 {White resigns} 0-1

[Event "Team 45 45 League T59"]
[Site "Internet Chess Club"]
[Date "2013.12.14"]
[Round "4"]
[White "rayonline53"]
[Black "rookmaster23"]
[Result "0-1"]
[WhiteElo "1518"]
[BlackElo "1633"]
[Opening "Sicilian: Najdorf"]
[ECO "B90"]
[Time "16:00:25"]
[TimeControl "2700+45"]

1. e4 c5 2. Nf3 d6 3. d4 cxd4 4. Nxd4 Nf6 5. Nc3 a6 6. f3 e5 7. Nb3 Be6 8. Be3
Be7 9. Qd2 O-O 10. O-O-O Nbd7 11. g4 b5 12. g5 b4 13. Nd5 Nxd5 14. exd5 Bf5 15.
h4 a5 16. Bd3 Bxd3 17. Qxd3 Nb6 18. f4 exf4 19. Bxf4 Qc7 20. Kb1 Rfc8 21. Rh2 a4
22. Na1 Ra5 23. Qf3 Qb7 24. Rhd2 Nc4 25. Rf2 Rcc5 26. Be3 Ne5 27. Qg2 Rcb5 28.
Rfd2 Nc4 29. Re2 Nxe3 30. Rxe3 Rxd5 31. Qe2 Rxd1+ 32. Qxd1 Rd5 33. Qe1 Re5 34.
c3 bxc3 35. Qxc3 Qh1+ 36. Kc2 Rc5 37. Rxe7 Rxc3+ 38. Kxc3 Kf8 {White resigns}
0-1

[Event "Team 45 45 League T59"]
[Site "Internet Chess Club"]
[Date "2013.12.13"]
[Round "4"]
[White "mongmong"]
[Black "ElMarginal"]
[Result "1-0"]
[WhiteElo "1689"]
[BlackElo "1498"]
[Opening "Queen's pawn game"]
[ECO "D05"]
[Time "20:06:35"]
[TimeControl "2700+45"]

1. d4 Nf6 2. Nf3 e6 3. e3 d5 4. Bd3 Nc6 5. c3 Be7 6. Nbd2 a6 7. Qe2 Bd7 8. e4
dxe4 9. Nxe4 b5 10. O-O O-O 11. h3 Bc8 12. Nxf6+ Bxf6 13. Qe4 g6 14. Qxc6 Rb8
15. Qe4 Bb7 16. Qe2 Rc8 17. Be4 Bd5 18. Bxd5 Qxd5 19. Re1 c6 20. Qe4 Qd7 21. Bf4
Rfe8 22. Be5 Bg7 23. Bxg7 Kxg7 24. Ne5 Qd5 25. Qxd5 cxd5 26. a3 Rc7 27. f4 Rec8
28. Nd3 Kf6 29. Nc5 Rc6 30. g4 h6 31. Kg2 Rg8 32. Kf3 Rd8 33. Re5 g5 34. Rae1
gxf4 35. Kxf4 Kg6 36. h4 Rdd6 37. g5 h5 38. Kg3 Rb6 39. Rf1 Rb8 40. Rf6+ Kg7 41.
Rh6 Rh8 42. Rxh8 Kxh8 43. Nd3 Kg7 44. Nf4 Rd8 45. Nxh5+ Kg6 46. Nf4+ Kg7 47. Kg4
Re8 48. h5 a5 49. g6 fxg6 50. Nxe6+ Kf6 51. hxg6 Kxg6 52. Nf4+ Kf7 53. Rxe8 Kxe8
54. Nxd5 Kd7 55. Kf4 Kd6 56. Ke4 a4 57. Nb4 Ke6 58. d5+ Kd6 59. Kd4 {Black
resigns} 1-0

[Event "Team 45 45 League T59"]
[Site "Internet Chess Club"]
[Date "2013.12.15"]
[Round "4"]
[White "werty"]
[Black "oldsj"]
[Result "0-1"]
[WhiteElo "1540"]
[BlackElo "1587"]
[Opening "King's Indian: London system"]
[ECO "A45"]
[Time "14:31:15"]
[TimeControl "2700+45"]

1. d4 Nf6 2. Bf4 g6 3. Nf3 Bg7 4. e3 d6 5. h3 O-O 6. Be2 c5 7. c3 Be6 8. Nbd2
Nc6 9. O-O Qb6 10. Qc2 Rac8 11. a3 cxd4 12. exd4 Nd5 13. Be3 Nxe3 14. fxe3 Bh6
15. Qd3 Bf5 16. e4 Bd7 17. Rab1 a6 18. Nc4 Qa7 19. Kh1 b5 20. Ncd2 Bg7 21. Rbd1
Qb7 22. e5 dxe5 23. Nxe5 Nxe5 24. dxe5 Be6 25. Nf3 Bc4 26. Qe3 Bxe2 27. Qxe2
Rcd8 28. Rxd8 Rxd8 29. Rd1 Rxd1+ 30. Qxd1 Qc7 31. Qd5 Qc8 32. Ng5 e6 33. Qd6 Bf8
34. Qd3 Be7 35. Nf3 Qd8 36. Qe4 Kg7 37. Qb7 Qd1+ 38. Kh2 Qc1 39. Qxe7 Qf4+ 40.
Kg1 Qc1+ 41. Kf2 Qxb2+ 42. Kg3 Qxc3 43. Qf6+ Kg8 44. Qd8+ Kg7 45. Qb6 Qxa3 46.
Kh2 h6 47. Qd8 Qc5 48. Qd6 Qxd6 49. exd6 Kf8 50. Ne5 Ke8 51. Kg3 a5 52. Kf4 a4
53. Nc6 {White resigns} 0-1

[Event "Team 45 45 League T59"]
[Site "Internet Chess Club"]
[Date "2013.12.15"]
[Round "4"]
[White "Grenadier"]
[Black "room-matt"]
[Result "1/2-1/2"]
[WhiteElo "1693"]
[BlackElo "1812"]
[Opening "Ruy Lopez: fianchetto (Smyslov/Barnes) defense"]
[ECO "C60"]
[Time "15:02:35"]
[TimeControl "2700+45"]

1. e4 e5 2. Nf3 Nc6 3. Bb5 g6 4. O-O Bg7 5. c3 d6 6. d4 a6 7. Bxc6+ bxc6 8. dxe5
Ne7 9. Bg5 O-O 10. exd6 cxd6 11. Nbd2 Ra7 12. Qc2 f6 13. Be3 Rd7 14. Rad1 f5 15.
Bg5 h6 16. Bxe7 Qxe7 17. exf5 Rxf5 18. Rfe1 Qf7 19. b3 d5 20. Nf1 Re7 21. Rxe7
Qxe7 22. Re1 Qc7 23. Ng3 Rf6 24. c4 Be6 25. cxd5 Bxd5 26. Rd1 Rd6 27. Nh4 Bf7
28. Rxd6 Qxd6 29. h3 Kh7 30. Ne4 Qd4 31. Qxc6 Qa1+ 32. Kh2 Qxa2 33. Nf6+ Bxf6
34. Qxf6 Qxb3 35. Qxa6 Qb2 36. Qa7 Kg7 37. Qe3 Qb8+ 38. f4 g5 39. Nf5+ Kg6 40.
Ne7+ Kf6 41. Nc6 Qxf4+ 42. Qxf4+ gxf4 43. Kg1 Bd5 44. Nd4 Ke5 45. Nf3+ Ke4 46.
Kf2 Bc6 47. Nh2 h5 48. Nf3 Bd5 49. Ng1 Bc6 50. Ne2 Bb7 51. g3 fxg3+ 52. Nxg3+
Kf4 53. Nxh5+ Kg5 54. Ng3 {Game drawn by mutual agreement} 1/2-1/2

[Event "Team 45 45 League T59"]
[Site "Internet Chess Club"]
[Date "2013.12.14"]
[Round "4"]
[White "BenjaminSisko"]
[Black "GoIrish"]
[Result "1-0"]
[WhiteElo "1614"]
[BlackElo "1641"]
[Opening "Scandinavian defense, Grünfeld variation"]
[ECO "B01"]
[Time "20:30:23"]
[TimeControl "2700+45"]

1. e4 d5 2. exd5 Qxd5 3. Nc3 Qa5 4. d4 Nf6 5. Nf3 c6 6. Ne5 Bf5 7. g4 Bg6 8. h4
Be4 9. Nc4 Qc7 10. Nxe4 Nxe4 11. Qf3 Nf6 12. Bf4 Qd8 13. O-O-O Qd5 14. Be2 Qxf3
15. Bxf3 Nd5 16. Bg3 b5 17. Na5 e6 18. Bxb8 Rxb8 19. Nxc6 Rb7 20. Rhe1 Kd7 21.
Ne5+ Kc8 22. g5 Bd6 23. h5 Rc7 24. Kb1 Kb8 25. Nd3 Rhc8 26. Bxd5 exd5 27. Re2 a5
28. f4 Rc4 29. Ne5 Bxe5 30. Rxe5 Rd8 31. b3 Rc3 32. Re7 Rc7 33. Rde1 Rdc8 34.
R1e2 Kb7 35. f5 Rf8 36. Re8 Rxe8 37. Rxe8 g6 38. hxg6 hxg6 39. fxg6 fxg6 40. Re6
Rc6 41. Rf6 Kb6 42. Kc1 Kb7 43. Kd2 b4 44. Rxc6 Kxc6 45. c3 bxc3+ 46. Kxc3 Kb6
47. a4 Kc7 48. b4 axb4+ 49. Kxb4 Kb6 50. a5+ Ka6 51. Kc5 Kxa5 52. Kxd5 Kb5 53.
Ke6 Kc6 54. d5+ Kc7 55. Ke7 {Black resigns} 1-0

[Event "Team 45 45 League T59"]
[Site "Internet Chess Club"]
[Date "2013.12.11"]
[Round "4"]
[White "rayngrant"]
[Black "BrerRabbit"]
[Result "1-0"]
[WhiteElo "1533"]
[BlackElo "1538"]
[Opening "Pirc: Ufimtsev-Pytel variation"]
[ECO "B07"]
[Time "19:04:56"]
[TimeControl "2700+45"]

1. e4 d6 2. d4 Nf6 3. Nc3 c6 4. Bd3 e5 5. dxe5 dxe5 6. Bg5 Be7 7. Nge2 O-O 8.
O-O Nbd7 9. Ng3 h6 10. Be3 Nc5 11. Nf5 Nxd3 12. Nxe7+ Qxe7 13. cxd3 Ng4 14. Qf3
Nxe3 15. fxe3 Be6 16. Rac1 Rad8 17. Rfd1 Qb4 18. b3 Qe7 19. d4 exd4 20. exd4 Qd7
21. h3 f6 22. d5 Bf7 23. dxc6 Qxc6 24. Nd5 Qe6 25. Rc7 Qa6 26. Qg3 g5 27. Qc3
Bxd5 28. Rxd5 Rxd5 29. exd5 Rd8 30. Qc2 f5 31. Qc3 Qg6 32. Rxb7 Rxd5 33. Qc8+
{Black resigns} 1-0

[Event "Team 45 45 League T59"]
[Site "Internet Chess Club"]
[Date "2013.12.13"]
[Round "4"]
[White "justice02"]
[Black "spongenotbob"]
[Result "0-1"]
[WhiteElo "1814"]
[BlackElo "1915"]
[Opening "Caro-Kann: classical variation"]
[ECO "B18"]
[Time "20:30:49"]
[TimeControl "2700+45"]

1. e4 c6 2. d4 d5 3. Nd2 dxe4 4. Nxe4 Bf5 5. Ng5 Nf6 6. Bc4 e6 7. c3 h6 8. N5f3
Nbd7 9. Ne2 c5 10. O-O Be7 11. Ng3 Bh7 12. Qe2 O-O 13. Re1 Rc8 14. Bd3 Bxd3 15.
Qxd3 cxd4 16. cxd4 Qc7 17. a3 Qc2 18. Qe2 Qxe2 19. Rxe2 Rc4 20. Nf5 Bd8 21. Nd6
Rc7 22. Nb5 Rc4 23. Nxa7 Bb6 24. Nb5 Rfc8 25. Be3 Rc2 26. Rxc2 Rxc2 27. b4 Nd5
28. Rc1 Nxe3 29. Re1 Nd5 30. Nd6 Rc3 31. Nxb7 Rxa3 32. h3 Nxb4 33. Nd6 Nc2 34.
Re2 Nxd4 35. Nxd4 Bxd4 36. Rd2 Ra1+ 37. Kh2 Be5+ 38. g3 Bxd6 39. Rxd6 Ne5 40.
Kg2 Kf8 41. Rd8+ Ke7 42. Rg8 Kf6 43. Rb8 Ra2 44. Rb3 Kf5 45. g4+ Ke4 46. Rb4+
Kd3 47. Rb3+ Kc4 48. Rb7 g6 49. Kg3 f5 50. Rc7+ Kd4 51. gxf5 exf5 52. Rh7 h5 53.
f4 Ra3+ 54. Kg2 Nd3 55. Kg3 Ke4 56. Re7+ Ne5+ 57. Kg2 Kxf4 58. Rb7 Ra2+ 59. Kh1
Kg3 60. Rb1 Nf3 {White resigns} 0-1

[Event "Team 45 45 League T59"]
[Site "Internet Chess Club"]
[Date "2013.12.13"]
[Round "4"]
[White "Schack"]
[Black "badmove"]
[Result "0-1"]
[WhiteElo "1707"]
[BlackElo "1609"]
[Opening "Nimzo-Indian: Sämisch, Keres variation"]
[ECO "E25"]
[Time "17:22:46"]
[TimeControl "2700+45"]

1. d4 Nf6 2. c4 e6 3. Nc3 Bb4 4. f3 d5 5. a3 Bxc3+ 6. bxc3 c5 7. cxd5 Nxd5 8.
dxc5 Qa5 9. e4 Ne7 10. Be3 O-O 11. Qb3 Qc7 12. Bb5 Bd7 13. Ne2 Bxb5 14. Qxb5
Nbc6 15. Rb1 Rab8 16. O-O e5 17. Rfd1 Rfd8 18. c4 Rd7 19. Nc3 Rbd8 20. Nd5 Qc8
21. Nxe7+ Nxe7 22. Rxd7 Rxd7 23. Qb3 Nc6 24. Rd1 Na5 25. Qa4 Rxd1+ 26. Qxd1 Nxc4
27. c6 bxc6 28. Bc5 Nb6 29. Qb3 Qd8 30. a4 Qd2 31. h3 Qc1+ {White resigns} 0-1